 Dungeon Crawl Stone Soup version 0.29.1-15-g9cfb28693d (webtiles) character file.

Game seed: 16768480376691863629

21 Ast3rio the Sneak (level 3, 19/19 HPs)
             Began as a Kobold Enchanter on Mar 28, 2023.
             Was a Follower of Trog.
             Quit the game on level 1 of the Dungeon.
             The game lasted 00:01:09 (1020 turns).

Ast3rio the Sneak (Kobold Enchanter)                Turns: 1020, Time: 00:01:10

Health: 19/19      AC:  2    Str:  7    XL:     3   Next: 2%
Magic:  6/6        EV: 15    Int: 16    God:    Trog [*.....]
Gold:   57         SH:  0    Dex: 15    Spells: 6/6 levels left

rFire   . . .      SeeInvis .   a - +1 dagger
rCold   . . .      Faith    .   (no shield)
rNeg    . . .      Spirit   .   b - +0 robe
rPois   .          Reflect  .   (no helmet)
rElec   .          Harm     .   (no cloak)
rCorr   .          Rampage  .   (no gloves)
Will    .....                   (no boots)
Stlth   ++++......              (no amulet)
HPRegen 0.06/turn               (no ring)
MPRegen 0.10/turn               (no ring)

@: no status effects
A: small, no large weapons, nightstalker 3
a: Renounce Religion, Berserk


You were on level 1 of the Dungeon.
You worshipped Trog.
Trog was aware of your devotion.
You visited 1 branch of the dungeon, and saw 1 of its levels.

You collected 57 gold pieces.

Inventory:

Hand Weapons
 a - a +1 dagger (weapon)
Armour
 b - a +0 robe (worn)
Jewellery
 i - a ring of protection from cold
Scrolls
 e - a scroll of amnesia {unknown}
 f - a scroll of torment {unknown}
 g - a scroll of poison {unknown}
 h - a scroll of identify {unknown}
Potions
 c - 2 potions of invisibility
 d - 2 potions of curing {unknown}


   Skills:
 + Level 0.1 Fighting
 + Level 1.3 Short Blades
 + Level 2.7 Dodging
 + Level 4.8 Stealth
 - Level 2.2 Spellcasting
 - Level 3.2 Hexes


You had 6 spell levels left.
You didn't know any spells.
Your spell library contained the following spells:

 Spells                   Type           Power      Damage    Failure   Level
 Ensorcelled Hibernation  Hex/Ice        12%        N/A       16%         2
 Confusing Touch          Hex            12%        N/A       16%         3
 Tukima's Dance           Hex            12%        N/A       16%         3
 Dazzling Flash           Conj/Hex       12%        N/A       30%         3


Dungeon Overview and Level Annotations

Branches:
Dungeon (1/15)

Altars:
Trog


Innate Abilities, Weirdness & Mutations

You are small and have problems with some larger weapons.
You are completely attuned to the shadows.


Message History

Things that are here:
a +1 dagger of speed; a kobold corpse You see here a ball python corpse.
You see here a bat skeleton.
There is a stone staircase leading down here.
You see here a ball python skeleton.
You now have 57 gold pieces (gained 7).
There is an escape hatch in the floor here.
You see here a +0 spear.
There is a stone staircase leading down here. 2 frilled lizards come into view.
The helpless frilled lizard fails to defend itself.
You impale the frilled lizard!!
You kill the frilled lizard!
Trog accepts your kill.
You have reached level 3!
Your experience leads to an increase in your attributes!
Increase (S)trength, (I)ntelligence, or (D)exterity?
You feel stronger. x2
A frilled lizard is nearby!
The helpless frilled lizard fails to defend itself.
You impale the frilled lizard!!
You kill the frilled lizard!
Trog accepts your kill.
No target in view!
No target in view!
No target in view!
No target in view!
No target in view!
Done exploring.
Done exploring.
Done exploring.
No target in view!
Done exploring.
Done exploring.
There is a stone staircase leading down here.
Okay, then.
Unknown command.
Unknown command.
Are you sure you want to abandon this character and quit the game? (Confirm with "yes".)

#.............# #...
#.............#####...
#....>........'....#+#
#.............####.#.#
#...).................
#.............#####..#
#.............######..
#.....................
#....@..........#####.
##########).....# #.
#......# ## #...#'## #
#...#.#
###########...#.#######
#......................
#.#####................
#.###..................


There were no monsters in sight!

Vanquished Creatures
  5 endoplasms (D:1)
  2 goblins (D:1)
  A hobgoblin (D:1)
  A ball python (D:1)
  A bat (D:1)
  5 frilled lizards (D:1)
  3 kobolds (D:1)
  3 rats (D:1)
21 creatures vanquished.

Notes
Turn   | Place    | Note
-------+----------+-------------------------------------------
     0 | D:1      | Ast3rio the Kobold Enchanter began the quest for the Orb.
     0 | D:1      | Reached XP level 1. HP: 10/10 MP: 3/3
   219 | D:1      | Reached XP level 2. HP: 11/15 MP: 5/5
   300 | D:1      | Found a faded altar of an unknown god.
   353 | D:1      | Prayed at the altar of an unknown god.
   353 | D:1      | Became a worshipper of Trog the Wrathful
   353 | D:1      | Reached * piety under Trog
   994 | D:1      | Reached XP level 3. HP: 19/19 MP: 6/6
  1020 | D:1      | Quit the game

Illustrated notes

Levels and vault maps discovered:
D:1:      psy_arrival_fountain, layout_basic, basic_ecumenical_altar

Action                   || total
-------------------------++-------
Melee: Dagger            ||    39
 Stab: Sleeping          ||    16
Armor: Robe              ||     3
Dodge: Dodged            ||    17
